 Dungeon Crawl Stone Soup version 0.21.1-1-g345015fe64 (webtiles) character file.

213 Holzbalken the Cudgeler (level 5, -4/32 HPs)
             Began as a Gargoyle Monk on July 16, 2018.
             Slain by an iguana (6 damage)
             ... on level 4 of the Dungeon.
             The game lasted 00:11:07 (3015 turns).

Holzbalken the Cudgeler (Gargoyle Monk)             Turns: 3015, Time: 00:11:07

Health: -4/32      AC: 15    Str: 15    XL:     5   Next: 90%
Magic:  5/5        EV:  4    Int: 11    God:
Gold:   121        SH:  0    Dex: 12    Spells: 4/4 levels left

rFire    . . .     SeeInvis .   s - +0 flail (protect)
rCold    . . .     Gourm    .   (no shield)
rNeg     + . .     Faith    .   g - +0 plate armour
rPois    ∞         Spirit   .   (no helmet)
rElec    +         Reflect  .   d - +0 cloak
rCorr    .         Harm     .   (no gloves)
MR       .....                  (no boots)
Stlth    ..........             (no amulet)
HPRegen  0.10/turn              (no ring)
MPRegen  0.09/turn              (no ring)

@: slowed, very slow
A: negative energy resistance 1, electricity resistance, unbreathing,
petrification resistance, rot immunity, AC +4
a: no special abilities


You were on level 4 of the Dungeon.
You were not hungry.

You visited 1 branch of the dungeon, and saw 4 of its levels.

You collected 121 gold pieces.

Inventory:

Hand Weapons
 a - a +0 mace
 s - a +0 flail of protection (weapon)
Armour
 b - a +0 robe
 d - a +0 cloak (worn)
 g - a +0 plate armour (worn)
Scrolls
 e - 5 scrolls of teleportation {unknown}
 f - 3 scrolls of amnesia {unknown}
 h - 5 scrolls of identify {unknown}
 i - 2 scrolls of enchant weapon {unknown}
 k - a scroll of enchant armour {unknown}
 l - a scroll of random uselessness {unknown}
 m - a scroll of remove curse {unknown}
 o - 2 scrolls of fog {unknown}
 p - a scroll of fear {unknown}
 q - a scroll of magic mapping {unknown}
Potions
 j - 2 potions of curing {unknown}
 n - 2 potions of lignification {unknown}
 t - 2 potions of flight {unknown}
 u - a potion of agility {unknown}
Comestibles
 c - 4 rations
 r - a chunk of flesh


   Skills:
 - Level 3.2 Fighting
 + Level 6.4 Maces & Flails
 - Level 2.4 Dodging
 - Level 2.1 Stealth


You had 4 spell levels left.
You didn't know any spells.

Dungeon Overview and Level Annotations

Branches:
Dungeon (4/15)
 Temple: D:4-7

Altars:
Cheibriados
Elyvilon

Annotations:
D:2 Sigmund


Innate Abilities, Weirdness & Mutations

You are resistant to torment.
Your stone body is resilient. (AC +4)
You are immune to poison.
You resist negative energy. (rN+)
You are resistant to electric shocks. (rElec)
You can survive without breathing.
You are immune to petrification.
You are immune to rotting.


Message History

The orc wizard gestures at you while chanting.
The magic dart hits you!
An orc comes into view.
The orc wizard hits you but does no damage.
The orc wizard completely misses you.
The iguana hisses menacingly.
The iguana bites you.
* * * LOW HITPOINT WARNING * * *
You closely miss the orc wizard.
The orc wizard is severely wounded.
The orc wizard gestures at you while chanting.
The magic dart hits you!
The orc wizard hits you but does no damage.
The iguana bites you!
* * * LOW HITPOINT WARNING * * *
The orc hits you but does no damage.
The orc wizard hits you but does no damage.
The orc wizard casts a spell at you. You resist with some effort.
The iguana bites you.
You die...

...... # ....
#.###..##.#
#.#.......#
#......#
###+#######.####
......# #.#
#.###.##.# #.#
#..o.ol@<# #[#
#.#####o.# #.#
#..####.#
#.......#
#..######
#.#####[##
........#
#########


You could see an iguana, an orc priest, an orc wizard and an orc.

Vanquished Creatures
  The ghost of Tali the Skirmisher, an amateur MiFi (D:3)
  6 adders
  An ooze (D:3)
  3 dart slugs
  A leopard gecko (D:3)
  5 orcs (D:3)
  8 bats
  A giant cockroach (D:3)
  4 goblins
  2 hobgoblins (D:1)
  6 jackals
  A ball python (D:1)
  3 frilled lizards
  6 kobolds
  12 rats
60 creatures vanquished.

Notes
Turn   | Place    | Note
-------+----------+-------------------------------------------
     0 | D:1      | Holzbalken the Gargoyle Monk began the quest for the Orb.
     0 | D:1      | Reached XP level 1. HP: 14/14 MP: 1/1
   289 | D:1      | Reached XP level 2. HP: 19/19 MP: 2/2
   969 | D:1      | Reached skill level 4 in Maces & Flails
  1044 | D:2      | Reached XP level 3. HP: 20/23 MP: 3/3
  1418 | D:2      | Noticed Sigmund
  1495 | D:2      | Reached XP level 4. HP: 28/28 MP: 4/4
  1621 | D:2      | Reached skill level 5 in Maces & Flails
  1626 | D:2      | Found a snail-covered altar of Cheibriados.
  2380 | D:3      | Noticed Tali's ghost (amateur MiFi)
  2437 | D:3      | Killed Tali's ghost
  2437 | D:3      | Reached skill level 6 in Maces & Flails
  2437 | D:3      | Reached XP level 5. HP: 20/32 MP: 5/5
  2829 | D:3      | Found a white marble altar of Elyvilon.
  3015 | D:4      | Slain by an iguana

Skill      XL: |  1  2  3  4 |
---------------+-------------+-----
Maces & Flails | 4 6 |  6.4
Fighting       | |  3.2
Dodging        | |  2.4
Stealth        | |  2.1

Action                   |  1- 3 |  4- 6 || total
-------------------------+-------+-------++-------
Melee: Mace              |   114 |    68 ||   182
       Flail             |       |   112 ||   112
  Use: Potion            |       |     2 ||     2
  Eat: Chunk             |     2 |     5 ||     7
Armor: Plate armour      |    77 |   260 ||   337
       Robe              |     3 |       ||     3
Dodge: Dodged            |    44 |    63 ||   107
